 Dungeon Crawl Stone Soup version 0.29-a0-364-g921d912d32 (webtiles) character file.

Game seed: 3547907682587147319

1499 ptdevnull the Quickloader (level 9, -9/48 (54) HPs)
             Began as a Kobold Hunter on Apr 30, 2022.
             Mangled by a wight
             ... wielding a +4 great sword
              (18 damage)
             ... on level 5 of the Dungeon.
             The game lasted 00:13:12 (5860 turns).

ptdevnull the Quickloader (Kobold Hunter)           Turns: 5860, Time: 00:13:12

HP:   -9/48 (54)    AC:  3    Str:  8    XL:     9   Next: 8%
MP:   9/9           EV: 17    Int: 11    God:
Gold: 163           SH:  5    Dex: 22    Spells: 8/8 levels left

rFire   . . .      SeeInvis +   a - +1 hand crossbow
rCold   . . .      Faith    .   u - +0 buckler
rNeg    . . .      Spirit   .   q - +0 leather armour
rPois   .          Reflect  .   (no helmet)
rElec   .          Harm     .   (no cloak)
rCorr   .          Rampage  .   (no gloves)
Will    .....                   (no boots)
Stlth   ++++......              v - amulet of magic regeneration
HPRegen 0.16/turn               l - ring of see invisible
MPRegen 0.51/turn               (no ring)

@: heavily drained
A: small, no large weapons, nightstalker 3
a: no special abilities


You were on level 5 of the Dungeon.
You visited 1 branch of the dungeon, and saw 6 of its levels.

You collected 163 gold pieces.

Inventory:

Hand Weapons
 a - a +1 hand crossbow (weapon)
 b - a +0 vampiric dagger
Missiles
 x - 28 poisoned darts
Armour
 q - a +0 leather armour (worn)
 u - a +0 buckler (worn)
Jewellery
 l - a ring of see invisible (left hand)
 v - an amulet of magic regeneration (around neck)
Wands
 n - a wand of iceblast (9)
Scrolls
 c - 2 scrolls of immolation
 e - 2 scrolls of fear {unknown}
 h - a scroll of teleportation {unknown}
 i - a scroll of vulnerability {unknown}
 k - a scroll of noise {unknown}
 o - a scroll of silence {unknown}
 p - a scroll of enchant weapon {unknown}
 r - a scroll of torment {unknown}
 s - 4 scrolls of identify
 t - a scroll of acquirement {unknown}
 y - a scroll of amnesia {unknown}
Potions
 d - 2 potions of lignification
 f - 2 potions of attraction {unknown}
 g - 3 potions of ambrosia
 j - a potion of mutation {unknown}
 m - a potion of berserk rage {unknown}
 w - 3 potions of heal wounds {unknown}
 z - a potion of curing


   Skills:
 + Level 5.2 Fighting
 - Level 6.0 Short Blades
 - Level 10.0 Crossbows
 + Level 5.6 Dodging
 - Level 5.0 Stealth


You had 8 spell levels left.
You didn't know any spells.
Your spell library contained the following spells:

 Spells                   Type           Power      Damage    Failure   Level
 Scorch                   Fire           0%         2d5       77%         2
 Gell's Gravitas          Tloc           0%         N/A       94%         3
 Ignite Poison            Fire/Tmut/Pois 0%         N/A       94%         3
 Lesser Beckoning         Tloc           0%         N/A       94%         3
 Mephitic Cloud           Conj/Pois/Air  0%         N/A       94%         3
 Teleport Other           Tloc           0%         N/A       94%         3
 Flame Wave               Conj/Fire      0%         2d4       100%        4
 Hailstorm                Conj/Ice       0%         3d3       100%        4
 Ice Form                 Ice/Tmut       0%         N/A       100%        4
 Freezing Cloud           Conj/Ice/Air   0%         6-21      100%        5
 Simulacrum               Ice/Necr       0%         N/A       100%        6
 Summon Cactus Giant      Summ           0%         N/A       100%        6
 Malign Gateway           Summ/Tloc      0%         N/A       100%        7
 Summon Horrible Things   Summ           0%         N/A       100%        8


Dungeon Overview and Level Annotations

Branches:
Dungeon (6/15)
 Temple: D:4-7

Altars:
Elyvilon

Shops:
D:3 :


Innate Abilities, Weirdness & Mutations

You are small and have problems with some larger weapons.
You are completely attuned to the shadows.


Message History

You climb upwards.
There is a stone staircase leading down here.
You shoot a bolt. The bolt hits the wight!
The wight is heavily damaged.
The wight completely misses you. You block the wight's attack.
You shoot a bolt. The bolt hits the wight!
You destroy the wight!
No target in view!
No target in view!
No target in view!
You climb downwards.
The wight hits you with a +5 dagger of freezing!
You feel drained. The wight freezes you. You block the wight's attack. x2
The wight closely misses you.
There is a stone staircase leading up here.
The wight hits you with a +5 dagger of freezing!
You feel drained. The wight freezes you. The wight barely misses you.
You climb upwards.
There is a stone staircase leading down here.
The wight barely misses you.
Things that are here:
a +0 robe; a +3 long sword The wight hits you with a +5 dagger of freezing!
* * * LOW HITPOINT WARNING * * *
You feel drained. The wight freezes you.
* * * LOW HITPOINT WARNING * * *
The wight attacks as you move away! You block the wight's attack.
Really read the scroll of immolation?
As you read the scroll of immolation, it crumbles to dust.
The creatures around you are filled with an inner flame!
The wight closely misses you.
Shoot: a) +1 hand crossbow
Press: ? - help, Q - select action, (/) - cycle Shift-Dir - straight line, f - wight
Aim: a wight, wielding a +4 great sword and wearing a +0 robe (moderately damaged, inner flame, 71% to hit)
You shoot a bolt. The bolt hits the wight.
Flame seeps out of the wight.
The wight is moderately damaged.
The wight is engulfed in blazing flames.
Flame seeps out of the wight.
The wight hits you with a +4 great sword!!
You die...

.#
#...................##.##.....
.#
####.########.....#.##.##.#.##
.# #.# ##..)##.......#.# ##
##.## #...#####.####.# # #...#
#.#.# #.####.# #...#
#...#####......# # #...#
##.#.......##### # #...#
####....#####.####
######...#####zz@.#.....#<....#
#..........>[..##....##.#.....#
..................[..##.......#
#..............##.............#
######...#####.##.#.#####.....#
# #...# #.##.#.########### #
#...# #..............# #...#
#.##.##..#####.# #...#
#.##.##........####


You could see 2 wights.

Vanquished Creatures
  2 water moccasins (D:6)
  A sky beast (D:6)
  2 black bears
  An ogre (D:5)
  A kobold brigand (D:6)
  4 scorpions
  A necrophage (D:6)
  2 wights
  3 killer bees (D:6)
  2 howler monkeys (D:6)
  A jelly (D:5)
  3 hounds
  4 adders
  A white imp (D:5)
  A worm (D:2)
  A dart slug (D:1)
  6 orcs
  6 bats
  5 endoplasms
  8 goblins
  8 hobgoblins
  8 kobolds
  2 quokkas
  3 ball pythons
  2 frilled lizards
  4 rats
82 creatures vanquished.

Notes
Turn   | Place    | Note
-------+----------+-------------------------------------------
     0 | D:1      | ptdevnull the Kobold Hunter began the quest for the Orb.
     0 | D:1      | Reached XP level 1. HP: 12/12 MP: 1/1
     4 | D:1      | Noticed an electric eel
     7 | D:1      | Noticed an electric eel
   276 | D:1      | Reached XP level 2. HP: 17/17 MP: 2/2
   303 | D:1      | Reached skill level 6 in Crossbows
   821 | D:1      | Found a faded altar of an unknown god.
   933 | D:2      | Reached XP level 3. HP: 21/21 MP: 3/3
  1421 | D:2      | Reached skill level 7 in Crossbows
  1421 | D:2      | Reached XP level 4. HP: 26/26 MP: 4/4
  1576 | D:3      | Found Kaujaus's Book Emporium.
  1979 | D:3      | You fall into a shaft and drop 3 floors!
  1983 | D:6      | Noticed a scorpion
  1991 | D:6      | Killed a scorpion
  1992 | D:6      | Reached skill level 8 in Crossbows
  1992 | D:6      | Reached XP level 5. HP: 22/30 MP: 5/5
  1999 | D:6      | Noticed a water moccasin
  2010 | D:6      | Killed a water moccasin
  2011 | D:6      | Reached skill level 9 in Crossbows
  2011 | D:6      | Reached XP level 6. HP: 10/35 MP: 6/6
  2229 | D:5      | Entered Level 5 of the Dungeon
  2248 | D:5      | Noticed an ogre
  2387 | D:5      | Killed an ogre
  2388 | D:5      | Reached skill level 1 in Short Blades
  2513 | D:5      | Reached XP level 7. HP: 38/40 MP: 7/7
  3397 | D:5      | Reached skill level 5 in Stealth
  3658 | D:6      | Reached skill level 5 in Short Blades
  3658 | D:6      | Reached XP level 8. HP: 35/44 MP: 8/8
  3813 | D:6      | Found a white marble altar of Elyvilon.
  4134 | D:6      | Reached skill level 10 in Crossbows
  5462 | D:6      | Reached skill level 5 in Dodging
  5730 | D:6      | Reached XP level 9. HP: 49/53 MP: 9/9
  5829 | D:6      | Reached skill level 5 in Fighting
  5860 | D:5      | Mangled by a wight

Illustrated notes

Levels and vault maps discovered:
D:1:      arrival_aquarium_b, layout_basic, shapermc_ecumenical_altar_acropolis
D:2:      layout_rooms, minmay_tetromino_l2
D:3:      layout_rooms, serial_shops, nicolae_shop_advertising_works
          [nicolae_subvault_shop_adworks], hangedman_glass_teeth,
          chequers_serial_rivers_micro_e, minmay_goblin_outpost
D:4:      layout_basic, minmay_temple_entry_statues_fountains,
          hangedman_decor_lopped
D:5:      layout_loops_cross
D:6:      kennysheep_big_flooded_room, layout_layer_cave, elyvilon_altar_1,
          minmay_crystal_room

Skill      XL: |  1  2  3  4  5  6  7  8  9 |
---------------+----------------------------+-----
Crossbows      | 6 7 8 9 10 | 10.0
Short Blades   | 2 5 6 |  6.0
Stealth        | 3 5 |  5.0
Dodging        | 5 |  5.6
Fighting       | 4 5 |  5.2

Action                   |  1- 3 |  4- 6 |  7- 9 || total
-------------------------+-------+-------+-------++-------
Melee: Dagger            |       |    23 |    35 ||    58
 Fire: Hand crossbow     |    63 |    45 |   130 ||   238
  Use: Scroll            |       |     3 |     1 ||     4
       Potion            |       |     4 |     1 ||     5
 Stab: Sleeping          |       |       |     1 ||     1
Armor: Leather armour    |     5 |     7 |     9 ||    21
Dodge: Dodged            |     8 |    21 |    80 ||   109
Block: Buckler           |       |       |    23 ||    23

Table legend: (Time is in decaauts)
 A = Elapsed time spent in this place.
 B = Non-inter-level travel time spent in this place.
 C = Inter-level travel time spent in this place.
 D = Time resting spent in this place.
 E = Time spent auto-exploring this place.
 F = Levels seen in this place.
 G = Mean time per level.
                   A        B        C        D        E       F      G
               +--------+--------+--------+--------+--------+-----+--------+
         Total |   5896 |   5485 |    411 |   1485 |   3111 |   6 |  982.7 |
       Dungeon |   5896 |   5485 |    411 |   1485 |   3111 |   6 |  982.7 |
               +--------+--------+--------+--------+--------+-----+--------+

Top non-repeatable levels by time:
     D:6: 2116 daAuts
     D:5: 1577 daAuts
     D:1: 918 daAuts
     D:2: 696 daAuts
     D:3: 575 daAuts
     D:4: 12 daAuts
